 Dungeon Crawl Stone Soup version 0.23.2-40-g277498a001 (webtiles) character file.

Game seed: 7559094841241481600

1402 Cykl0x the Shield-Bearer (level 9, -1/68 HPs)
             Began as a Formicid Fighter on Sept 24, 2019.
             Was a Follower of Makhleb.
             Slain by Menkaure (8 damage)
             ... on level 6 of the Dungeon.
             The game lasted 00:15:48 (4837 turns).

Cykl0x the Shield-Bearer (Formicid Fighter)         Turns: 4837, Time: 00:15:48

Health: -1/68      AC:  8    Str: 24    XL:     9   Next: 1%
Magic:  0/20       EV:  9    Int:  8    God:    Makhleb [*.....]
Gold:   227        SH: 13    Dex: 10    Spells: 8/8 levels left

rFire    . . .     SeeInvis +   a - +2 long sword
rCold    . . .     Gourm    .   c - +3 shield
rNeg     . . .     Faith    .   b - +0 scale mail
rPois    +         Spirit   +   (helmet unavailable)
rElec    .         Reflect  .   i - scarf {Spirit}
rCorr    .         Harm     .   (no gloves)
MR       .....                  k - +0 pair of boots
Stlth    ..........             v - amulet of magic regeneration
HPRegen  0.21/turn              m - ring of poison resistance
MPRegen  0.42/turn              p - ring of magical power

@: no status effects
A: permanent stasis, dig shafts and tunnels, four strong arms, antennae 3
a: Dig, Shaft Self, Renounce Religion


You were on level 6 of the Dungeon.
You worshipped Makhleb.
Makhleb was aware of your devotion.
You were not hungry.

You visited 2 branches of the dungeon, and saw 7 of its levels.

You collected 227 gold pieces.

Inventory:

Hand Weapons
 a - a +2 long sword (weapon)
 u - a +5 dagger
Missiles
 e - 4 tomahawks (quivered)
Armour
 b - a +0 scale mail (worn)
 c - a +3 shield (worn)
 i - a scarf of spirit shield (worn)
 k - a +0 pair of boots (worn)
 t - a scarf of repulsion
Jewellery
 m - a ring of poison resistance (left hand)
 p - a ring of magical power (right hand)
 v - an amulet of magic regeneration (around neck)
 x - a +2 ring of intelligence
Wands
 w - a wand of iceblast (13)
Scrolls
 h - 3 scrolls of amnesia
 l - a scroll of enchant weapon
 r - 4 scrolls of remove curse
 y - a scroll of immolation
Potions
 d - a potion of flight
 j - a potion of mutation
 n - 3 potions of lignification
 o - a potion of curing
 q - 4 potions of heal wounds {unknown}
 s - a potion of cancellation {unknown}
Comestibles
 f - 6 rations
 g - 10 chunks of flesh


   Skills:
 + Level 5.0 Fighting
 + Level 6.2 Long Blades
 + Level 3.3 Throwing
 + Level 5.5 Armour
 + Level 1.6 Dodging
 + Level 0.6 Stealth
 + Level 6.2 Shields
 * Level 3.1 Invocations


You had 8 spell levels left.
You didn't know any spells.
Your spell library was empty.

Dungeon Overview and Level Annotations

Branches:
Dungeon (6/15)             Temple (1/1) D:4

Altars:
Cheibriados
Elyvilon
Gozag
Makhleb
Qazlal
Ru
Sif Muna
Uskayaw
Xom
The Shining One

Shops:
D:5 %

Annotations:
D:6 Menkaure


Innate Abilities, Weirdness & Mutations

You cannot be hasted, slowed, berserked, paralysed or teleported.
You can dig through walls and to a lower floor.
Your four strong arms can wield two-handed weapons with a shield.
You have a pair of large antennae on your head. (SInv)


Message History

You barely miss Menkaure. Menkaure hits you! You block Menkaure's attack.
You slash Menkaure!
Menkaure is heavily damaged.
Menkaure gestures at you while chanting.
You resist with significant effort.
You hit Menkaure.
Menkaure is heavily damaged.
You block Menkaure's attack. Menkaure closely misses you.
You closely miss Menkaure.
Menkaure is heavily damaged.
You block Menkaure's attack.
You barely miss Menkaure.
Menkaure is heavily damaged.
Menkaure hits you!
You hit Menkaure.
Menkaure is severely damaged.
Menkaure hits you!!
* * * LOW HITPOINT WARNING * * *
Menkaure hits you!
You die...

..## #.. #.. #.M
##.# ..# ..##
###.## #..#
#@#..# ..## {
##M#.####..##
####..##...## .
#........###..
##............#
###.......<....#
............####
......<......#
..#######....##


You could see Menkaure.

Vanquished Creatures
  Grinder (D:3)
  An ogre (D:6)
  A bullfrog (D:6)
  2 scorpions
  A howler monkey (D:5)
  3 wights (D:6)
  A bullfrog zombie (D:4)
  2 centaur zombies (D:4)
  A jelly (D:5)
  3 hounds
  2 orc wizards (D:4)
  A centaur skeleton (D:4)
  2 iguanas
  Natasha (thrice) (D:4)
  2 worker ants (D:5)
  A hound zombie (D:4)
  5 gnolls
  10 adders
  An ooze (D:3)
  3 adder skeletons
  4 adder zombies (D:4)
  4 worms
  2 dart slugs (D:3)
  3 leopard geckos
  14 orcs
  6 bats
  8 giant cockroaches
  6 goblins
  7 hobgoblins
  8 jackals
  6 quokkas
  A ball python (D:3)
  4 frilled lizards
  A jackal skeleton (D:5)
  A jackal zombie (D:4)
  9 kobolds
  3 leopard gecko skeletons
  A leopard gecko zombie (D:4)
  A quokka skeleton (D:4)
  2 quokka zombies
  15 rats
152 creatures vanquished.

Vanquished Creatures (others)
  A withered plant (D:4)
1 creature vanquished.

Grand Total: 153 creatures vanquished

Notes
Turn   | Place    | Note
-------+----------+-------------------------------------------
     0 | D:1      | Cykl0x the Formicid Fighter began the quest for the Orb.
     0 | D:1      | Reached XP level 1. HP: 18/18 MP: 1/1
    90 | D:1      | Reached XP level 2. HP: 17/24 MP: 2/2
   635 | D:1      | Reached XP level 3. HP: 28/29 MP: 3/3
  1168 | D:2      | Reached XP level 4. HP: 33/37 MP: 4/4
  1171 | D:2      | Reached skill level 1 in Throwing
  1277 | D:2      | Found a faded altar of an unknown god.
  1465 | D:2      | Noticed an air elemental
  1467 | D:2      | Found a stormy altar of Qazlal.
  1468 | D:2      | Noticed an earth elemental
  1468 | D:2      | Noticed a fire elemental
  1468 | D:2      | Noticed a water elemental
  1693 | D:3      | Reached XP level 5. HP: 42/42 MP: 5/5
  1728 | D:3      | Noticed Grinder
  1763 | D:3      | Killed Grinder
  1763 | D:3      | Reached XP level 6. HP: 13/48 MP: 0/6
  2035 | D:3      | Found a glowing golden altar of the Shining One.
  2237 | D:3      | Found a snail-covered altar of Cheibriados.
  2511 | D:3      | Reached XP level 7. HP: 54/54 MP: 7/7
  2894 | D:4      | Reached skill level 1 in Dodging
  2894 | D:4      | Reached skill level 5 in Shields
  2936 | D:4      | Noticed Natasha
  2960 | D:4      | Killed Natasha
  3313 | D:4      | Reached skill level 5 in Long Blades
  3535 | D:4      | Noticed Natasha
  3538 | D:4      | Reached skill level 5 in Armour
  3538 | D:4      | Reached XP level 8. HP: 60/61 MP: 8/8
  3548 | D:4      | Killed Natasha
  3642 | D:4      | Found a deep blue altar of Sif Muna.
  3688 | D:4      | Noticed Natasha
  3714 | D:4      | Killed Natasha
  3777 | D:4      | Found a staircase to the Ecumenical Temple.
  3791 | Temple   | Entered the Ecumenical Temple
  3885 | Temple   | Became a worshipper of Makhleb the Destroyer
  3919 | D:5      | Entered Level 5 of the Dungeon
  4004 | D:5      | Reached skill level 1 in Invocations
  4274 | D:5      | Found a white marble altar of Elyvilon.
  4311 | D:5      | Found Liutwe's Food Shoppe.
  4330 | D:5      | Found a hide-covered altar of Uskayaw.
  4655 | D:6      | Reached * piety under Makhleb
  4806 | D:6      | Reached skill level 5 in Fighting
  4806 | D:6      | Reached XP level 9. HP: 68/68 MP: 11/11
  4825 | D:6      | Noticed Menkaure
  4837 | D:6      | Slain by Menkaure

Skill      XL: |  1  2  3  4  5  6  7  8 |
---------------+-------------------------+-----
Shields        | 4 5 6 |  6.2
Throwing       | 1 2 3 |  3.3
Long Blades    | 3 4 5 6 |  6.2
Fighting       | 4 5 |  5.0
Armour         | 4 5 |  5.5
Dodging        | 1 |  1.6
Invocations    | 3 |  3.1
Stealth        | |  0.6

Action                   |  1- 3 |  4- 6 |  7- 9 || total
-------------------------+-------+-------+-------++-------
Melee: Long sword        |    73 |   155 |   241 ||   469
Throw: Tomahawk          |    40 |    39 |    52 ||   131
 Abil: Dig               |     1 |     2 |     6 ||     9
  Use: Scroll            |     9 |     4 |     4 ||    17
       Potion            |       |     1 |     1 ||     2
  Eat: Chunk             |     1 |     5 |     8 ||    14
Armor: Scale mail        |    34 |    54 |    70 ||   158
Dodge: Dodged            |    20 |    38 |    72 ||   130
Block: Shield            |    32 |    83 |   158 ||   273
       Rpst.: Long sword |     6 |     8 |    25 ||    39
